[Event "Titled Tuesday Blitz June 21 Early 2022"]
[White "Kozin, Yuri"]
[Black "Namitbir Singh Walia"]
[WhiteFideId "4129920"]
[BlackFideId "35071068"]
[WhiteElo "2578"]
[BlackElo "1565"]
[Result "0-1"]
[Round "04"]
[TimeControl "180+1"]
[Date "2022.06.21"]
[WhiteClock "0:00:02"]
[BlackClock "0:00:05"]

1. e4 c5 2. Nf3 Nc6 3. d4 cxd4 4. Nxd4 g6 5. Nc3 Bg7 6. Be3 Nf6 7. Bc4 Qa5 8. O-O O-O 9. Bb3 d6 10. h3 Bd7 11. Re1 a6 12. Nd5 Qd8 13. Nxc6 Bxc6 14. Bb6 Qd7 15. Bd4 Bxd5 16. exd5 b5 17. Qd2 Rfe8 18. a4 Qb7 19. Be3 b4 20. a5 Rab8 21. Ba4 Rec8 22. Bc6 Qc7 23. Bb6 Rxb6 24. axb6 Qxb6 25. Qd3 a5 26. Ra2 Rc7 27. Rea1 Ra7 28. Qe3 Qc7 29. Ra4 e6 30. Rxb4 exd5 31. Rb6 h5 32. Rb3 d4 33. Qxd4 Nd7 34. Qd5 Nc5 35. Rb5 a4 36. c3 Ra6 37. Bb7 Ra7 38. Bc6 Ra6 39. Be8 Ra7 40. Re1 Kf8 41. Re3 Be5 42. g3 Kxe8 43. f4 Ne6 44. fxe5 dxe5 45. Qxe5 Qd7 46. Rb8+ Ke7 47. Qe4 Rc7 48. Rb4 Qd1+ 49. Kg2 Qd2+ 50. Re2 Qg5 51. Rd4 Kf8 52. Rd5 Qc1 53. Kf3 Re7 54. Re5 Ng5+ 55. Rxg5 Rxe4 56. Rxe4 Qxg5 57. Rxa4 Qd5+ 58. Re4 Qd1+ 59. Re2 Qd5+ 60. Re4 f5 0-1


[Site "https://www.chess.com"]

[Event "Titled Tuesday Blitz June 21 Early 2022"]
[White "Krishnan, Varun"]
[Black "Baches Garcia, Guillermo"]
[WhiteFideId "5054508"]
[BlackFideId "2209764"]
[WhiteElo "2587"]
[BlackElo "2449"]
[Result "0-1"]
[Round "04"]
[TimeControl "180+1"]
[Date "2022.06.21"]
[WhiteClock "0:00:33"]
[BlackClock "0:00:09"]

1. e4 c5 2. Nf3 d6 3. d4 cxd4 4. Nxd4 Nf6 5. Nc3 Nc6 6. Bc4 Bd7 7. O-O g6 8. Be3 Ng4 9. Bb3 Bg7 10. Nxc6 bxc6 11. Bd2 O-O 12. h3 Nf6 13. e5 dxe5 14. Qf3 Bxh3 15. Bg5 Bd7 16. Rad1 Qc7 17. Bxf6 Bxf6 18. Ne4 Kg7 19. Kh2 Rad8 20. Rh1 h5 21. Nxf6 exf6 22. Qe3 Bg4 23. f3 e4+ 24. g3 Bxf3 25. Rxd8 Rxd8 26. Re1 h4 27. Qf4 Rd2+ 28. Kg1 Rg2+ 29. Kf1 Qxf4 30. gxf4 h3 31. Bxf7 h2 0-1


[Site "https://www.chess.com"]

[Event "Titled Tuesday Blitz June 21 Early 2022"]
[White "Kucuksari, Kaan"]
[Black "Yen, William"]
[WhiteFideId "6380166"]
[BlackFideId "30932025"]
[WhiteElo "2305"]
[BlackElo "1905"]
[Result "1/2-1/2"]
[Round "04"]
[TimeControl "180+1"]
[Date "2022.06.21"]
[WhiteClock "0:00:19"]
[BlackClock "0:00:15"]

1. d4 Nf6 2. c4 c5 3. d5 b5 4. cxb5 a6 5. bxa6 g6 6. Nc3 Bg7 7. e4 O-O 8. a7 Rxa7 9. Nf3 e6 10. Be2 exd5 11. exd5 d6 12. O-O Ba6 13. Bf4 Re8 14. Re1 Rae7 15. Bxa6 Rxe1+ 16. Nxe1 Nxa6 17. Nc2 Ne4 18. Qd3 Nxc3 19. bxc3 Nb4 20. Qd1 Nxc2 21. Qxc2 Qf6 22. g3 Qxc3 23. Qxc3 Bxc3 24. Rc1 Re1+ 25. Rxe1 Bxe1 26. Bxd6 c4 27. Be7 c3 28. d6 c2 29. d7 Ba5 30. Ba3 f5 31. Kf1 Kf7 32. Ke2 Ke6 33. Kd3 Kxd7 34. Kxc2 Be1 35. Bc5 Kc6 36. Be3 Kd5 37. a4 Kc4 38. Bd2 Bxf2 39. Kd1 Bg1 40. h3 Bf2 41. g4 fxg4 42. hxg4 h5 43. Ke2 hxg4 44. Kxf2 Kc5 45. Kg3 Kb6 46. Bc3 Ka7 47. Bd4+ Ka8 48. Bf2 Kb7 49. Be1 Ka8 50. Kf4 Kb7 51. Bg3 Ka8 52. Ke4 Kb7 53. Kd4 Ka8 54. Kc5 Kb7 55. Kb5 Ka8 56. a5 Kb7 57. Kc5 Ka8 58. Kc6 Ka7 59. Kb5 Ka8 60. a6 Ka7 61. Ka5 Ka8 62. Kb6 g5 63. Kb5 Ka7 64. Bf2+ Ka8 65. Be3 g3 66. Kc6 g4 67. Kb6 g2 68. Bg1 Kb8 69. Bh2+ Ka8 70. Bg1 Kb8 71. Bh2+ Ka8 72. Bg1 1/2-1/2


[Site "https://www.chess.com"]

[Event "Titled Tuesday Blitz June 21 Early 2022"]
[White "Kvaloy, Aksel Bu"]
[Black "Clasby, Derek"]
[WhiteFideId "1528815"]
[BlackFideId "30932300"]
[WhiteElo "2006"]
[BlackElo "2013"]
[Result "0-1"]
[Round "04"]
[TimeControl "180+1"]
[Date "2022.06.21"]
[WhiteClock "0:00:07"]
[BlackClock "0:00:08"]

1. e4 c6 2. Nc3 d5 3. Nf3 dxe4 4. Nxe4 Nf6 5. Nxf6+ gxf6 6. d4 Bf5 7. Bd3 e6 8. Bxf5 Qa5+ 9. Qd2 Qxf5 10. c3 Bd6 11. Qe2 Rg8 12. Bd2 Nd7 13. O-O-O O-O-O 14. h3 Rxg2 15. Nh4 Qxf2 16. Qe4 Rg7 17. Rdf1 f5 18. Rxf2 fxe4 19. Bh6 Rdg8 20. Bxg7 Rxg7 21. Rg2 Rxg2 22. Nxg2 f5 23. Rf1 Kd8 24. Kd2 Ke7 25. Ke3 b5 26. Nf4 Nb6 27. b3 Bxf4+ 28. Kxf4 Nd5+ 29. Ke5 Nxc3 30. Rc1 b4 31. a3 a5 32. axb4 axb4 33. Ra1 e3 34. Ra7+ Kd8 35. Kxe6 e2 36. Ra1 f4 37. Kd6 Kc8 38. Kxc6 Kb8 39. Rg1 f3 40. Rg8+ Ka7 41. Rg7+ Ka6 42. Rg8 Nb5 43. Rg1 f2 44. Ra1+ Na3 45. d5 e1=Q 46. d6 Qxa1 47. d7 Qc3+ 48. Kd6 Qd4+ 49. Kc7 f1=Q 50. Kb8 Qa7+ 51. Kc8 Qb7+ 52. Kd8 Qf8# 0-1


[Site "https://www.chess.com"]

[Event "Titled Tuesday Blitz June 21 Early 2022"]
[White "Lagno, Kateryna"]
[Black "Lopez Del Alamo, Antonio"]
[WhiteFideId "14109336"]
[BlackFideId "2227339"]
[WhiteElo "2522"]
[BlackElo "2089"]
[Result "1-0"]
[Round "04"]
[TimeControl "180+1"]
[Date "2022.06.21"]
[WhiteClock "0:02:03"]
[BlackClock "0:00:08"]

1. e4 c5 2. Nf3 e6 3. d4 cxd4 4. Nxd4 Nf6 5. Nc3 Nc6 6. a3 d6 7. Qd3 Be7 8. Be3 O-O 9. f3 a6 10. O-O-O Qc7 11. Kb1 b5 12. Nxc6 Qxc6 13. g4 Nd7 14. f4 Bb7 15. Bg2 Rac8 16. Rhg1 Nc5 17. Qd4 e5 18. fxe5 dxe5 19. Qxe5 Rfe8 20. g5 Na4 21. Bd4 Bf8 22. Qd5 Qc7 23. Qf5 Qxh2 24. Rh1 Qxg2 25. Qxh7# 1-0


[Site "https://www.chess.com"]

[Event "Titled Tuesday Blitz June 21 Early 2022"]
[White "Legenia, Artem"]
[Black "Hartikainen, Jarmo"]
[WhiteFideId "14136945"]
[BlackFideId "503134"]
[WhiteElo "1936"]
[BlackElo "2149"]
[Result "1-0"]
[Round "04"]
[TimeControl "180+1"]
[Date "2022.06.21"]
[WhiteClock "0:01:44"]
[BlackClock "0:00:17"]

1. d4 Nf6 2. Nf3 g6 3. e3 Bg7 4. b3 d5 5. Bb2 O-O 6. Bd3 Nbd7 7. Nbd2 c5 8. O-O cxd4 9. exd4 Re8 10. Ne5 Nxe5 11. dxe5 Ng4 12. Nf3 a6 13. c4 dxc4 14. Bxc4 e6 15. h3 Nh6 16. Qe2 b5 17. Rfd1 Qe7 18. Bd3 Bb7 19. Rac1 Rac8 20. Be4 Rxc1 21. Rxc1 Rc8 22. Rxc8+ Bxc8 23. Qe3 Qc7 24. g4 Bb7 25. Qa7 1-0


[Site "https://www.chess.com"]

[Event "Titled Tuesday Blitz June 21 Early 2022"]
[White "Lianes Garcia, Marcos"]
[Black "Borisova, Ekaterina"]
[WhiteFideId "32060777"]
[BlackFideId "34124184"]
[WhiteElo "2310"]
[BlackElo "2039"]
[Result "0-1"]
[Round "04"]
[TimeControl "180+1"]
[Date "2022.06.21"]
[WhiteClock "0:00:09"]
[BlackClock "0:00:32"]

1. e4 c5 2. g3 e6 3. Bg2 Nc6 4. Ne2 Nge7 5. O-O d5 6. exd5 Nxd5 7. d4 cxd4 8. Nxd4 Bd7 9. c4 Nf6 10. Nc3 Bc5 11. Be3 Nxd4 12. Bxd4 Bxd4 13. Qxd4 Bc6 14. Bxc6+ bxc6 15. Qc5 Qb6 16. Qa3 a5 17. Qd6 Rd8 18. Qe5 O-O 19. b3 Nd7 20. Qg5 h6 21. Qh5 Qc5 22. Qf3 Ne5 23. Qe4 Rd3 24. Na4 Qd4 25. Qxd4 Rxd4 26. Kg2 Rfd8 27. Rfe1 Nd3 28. Re2 e5 29. Nc3 f5 30. h4 Kf7 31. Rb1 Kf6 32. a3 e4 33. f3 exf3+ 34. Kxf3 g5 35. hxg5+ hxg5 36. Rh1 Ne5+ 37. Kg2 f4 38. gxf4 gxf4 39. Ne4+ Kg6 40. Kf2 f3 41. Rg1+ Kf5 42. Ree1 Rxe4 43. Rg5+ Kxg5 44. Rxe4 Kf5 45. Rh4 Rd2+ 46. Ke3 Re2+ 47. Kd4 f2 0-1


[Site "https://www.chess.com"]

[Event "Titled Tuesday Blitz June 21 Early 2022"]
[White "Luo, Terry"]
[Black "Vifleemskaia, Svetlana"]
[WhiteFideId "30931045"]
[BlackFideId "4129490"]
[WhiteElo "2024"]
[BlackElo "1929"]
[Result "1-0"]
[Round "04"]
[TimeControl "180+1"]
[Date "2022.06.21"]
[WhiteClock "0:00:11"]
[BlackClock "0:00:03"]

1. d4 Nf6 2. c4 e6 3. g3 Bb4+ 4. Bd2 Qe7 5. Nf3 Nc6 6. Nc3 O-O 7. Bg2 d6 8. O-O Bxc3 9. Bxc3 Ne4 10. Rc1 Nxc3 11. Rxc3 e5 12. d5 Nb8 13. b4 b6 14. Nd2 a5 15. a3 axb4 16. axb4 f5 17. c5 bxc5 18. bxc5 Na6 19. cxd6 cxd6 20. Rc4 Bd7 21. Nb3 Rfc8 22. Rxc8+ Rxc8 23. Na5 Nc5 24. Nc6 Qe8 25. Qd2 h6 26. Rb1 Kh7 27. h4 f4 28. gxf4 e4 29. Qd4 Bxc6 30. dxc6 Qxc6 31. Rd1 Rd8 32. Qd5 Qxd5 33. Rxd5 Kg6 34. e3 Kf6 35. Bf1 Ke7 36. Kg2 g6 37. h5 Rg8 38. hxg6 Rxg6+ 39. Kh2 Rg7 40. Rh5 Rg6 41. Bc4 Rf6 42. Bd5 Kf8 43. Kg3 Kg7 44. f5 Kf8 45. Kf4 Ke7 46. Bxe4 Nxe4 47. Kxe4 Kd7 48. Kd5 Ke7 49. e4 Kf7 50. f4 Kg7 51. e5 dxe5 52. fxe5 Rf8 53. Ke4 Ra8 54. e6 Ra3 55. Rh1 Ra4+ 56. Ke5 Ra5+ 57. Kd6 Ra6+ 58. Kc7 Ra7+ 59. Kb6 Ra2 60. Re1 Kf8 61. f6 Rb2+ 62. Kc5 Rc2+ 63. Kd6 Rd2+ 64. Ke5 Ra2 65. Rb1 Ra5+ 66. Kf4 Ra4+ 67. Kf5 Ra5+ 68. Kg6 Ra6 69. Rb8# 1-0


[Site "https://www.chess.com"]

[Event "Titled Tuesday Blitz June 21 Early 2022"]
[White "Mahdavi, Reza"]
[Black "Kamsky, Gata"]
[WhiteFideId "12595926"]
[BlackFideId "2000024"]
[WhiteElo "2265"]
[BlackElo "2645"]
[Result "1/2-1/2"]
[Round "04"]
[TimeControl "180+1"]
[Date "2022.06.21"]
[WhiteClock "0:02:29"]
[BlackClock "0:02:16"]

1. e4 e5 2. Nf3 Nc6 3. Nc3 Nf6 4. d4 exd4 5. Nxd4 Bb4 6. Nxc6 bxc6 7. Bd3 d5 8. exd5 cxd5 9. O-O O-O 10. h3 c6 11. Qf3 a5 12. Bf4 a4 13. a3 Bd6 14. Ne2 Rb8 15. b4 axb3 16. cxb3 Bxf4 17. Nxf4 c5 18. Rfd1 d4 19. Bc4 Qd6 20. Nd5 1/2-1/2


[Site "https://www.chess.com"]

[Event "Titled Tuesday Blitz June 21 Early 2022"]
[White "Malyi, Viacheslav"]
[Black "Estrada Nieto, Julian"]
[WhiteFideId "14123983"]
[BlackFideId "5101018"]
[WhiteElo "2270"]
[BlackElo "2252"]
[Result "1-0"]
[Round "04"]
[TimeControl "180+1"]
[Date "2022.06.21"]
[WhiteClock "0:00:13"]
[BlackClock "0:00:04"]

1. d4 d5 2. Bg5 h6 3. Bh4 c6 4. e3 Qb6 5. b3 e5 6. Nf3 e4 7. Nfd2 Ne7 8. Be2 Nf5 9. Bg3 Be6 10. c4 Nd7 11. Nc3 Bb4 12. Qc2 Qa5 13. Ndb1 O-O 14. a3 Nxg3 15. hxg3 f5 16. Ra2 Be7 17. b4 Qd8 18. Na4 Nf6 19. Nc5 Bxc5 20. bxc5 Kh8 21. cxd5 Nxd5 22. Rb2 Qc7 23. Nc3 Nxc3 24. Qxc3 b5 25. cxb6 axb6 26. O-O Rfc8 27. Rc1 Bd5 28. Rcb1 b5 29. Rc1 Qa5 30. Qxa5 Rxa5 31. Rxb5 Rxb5 32. Bxb5 Ra8 33. Bc4 Rxa3 34. Bxd5 cxd5 35. Rc5 Ra1+ 36. Kh2 Ra2 37. Rxd5 Rxf2 38. Re5 Kg8 39. g4 fxg4 40. Rxe4 h5 41. Kg3 Rd2 42. Re5 g6 43. Re7 Kf8 44. Re5 Kf7 45. d5 Kf6 46. Re6+ Kf7 47. e4 Rd3+ 48. Kf4 Rd2 49. g3 Rd3 50. Ra6 Rf3+ 51. Kg5 Rxg3 52. Ra7+ Ke8 53. e5 Rf3 54. e6 Rf5+ 55. Kxg6 Rxd5 56. Kf6 Rd8 57. Rh7 1-0


[Site "https://www.chess.com"]

[Event "Titled Tuesday Blitz June 21 Early 2022"]
[White "Marn, Jan"]
[Black "Tasev, Dejan"]
[WhiteFideId "14619245"]
[BlackFideId "936618"]
[WhiteElo "2105"]
[BlackElo "2253"]
[Result "0-1"]
[Round "04"]
[TimeControl "180+1"]
[Date "2022.06.21"]
[WhiteClock "0:00:02"]
[BlackClock "0:01:00"]

1. d4 Nf6 2. c4 g6 3. Nc3 Bg7 4. e4 d6 5. Nge2 O-O 6. Ng3 c5 7. d5 a6 8. Be2 b5 9. cxb5 axb5 10. Bxb5 Ba6 11. O-O Bxb5 12. Nxb5 Nbd7 13. a4 Ne8 14. Nc3 Nc7 15. Kh1 Na6 16. f4 Nb4 17. e5 dxe5 18. f5 Nf6 19. Be3 Rc8 20. a5 Nfxd5 21. Bg1 e6 22. fxe6 f5 23. a6 e4 24. a7 Nd3 25. Nxd5 Qxd5 26. e7 Rfe8 27. a8=Q Rxa8 28. Rxa8 Rxa8 29. Qa4 Kf7 30. e8=Q+ Rxe8 31. Nxf5 gxf5 32. Qa7+ Re7 0-1


[Site "https://www.chess.com"]

[Event "Titled Tuesday Blitz June 21 Early 2022"]
[White "Martinez Alcantara, Jose Eduardo"]
[Black "Makarian, Rudik"]
[WhiteFideId "3805662"]
[BlackFideId "44105681"]
[WhiteElo "2703"]
[BlackElo "2398"]
[Result "1-0"]
[Round "04"]
[TimeControl "180+1"]
[Date "2022.06.21"]
[WhiteClock "0:00:02"]
[BlackClock "0:00:01"]

1. e4 e5 2. Nf3 Nc6 3. Bb5 a6 4. Ba4 Bc5 5. c3 Nge7 6. O-O Ng6 7. d4 Ba7 8. Bg5 f6 9. Be3 O-O 10. h3 Kh8 11. Re1 d6 12. Nbd2 exd4 13. cxd4 Nce7 14. Bc2 c6 15. Nf1 f5 16. exf5 Bxf5 17. Ng3 Qd7 18. Nxf5 Nxf5 19. Ng5 h6 20. Qg4 Rad8 21. Nf3 Nxe3 22. fxe3 Qxg4 23. hxg4 Ne7 24. g5 c5 25. Rad1 cxd4 26. exd4 Nc6 27. Kh2 Rxf3 28. gxf3 Nxd4 29. Rxd4 Bxd4 30. gxh6 gxh6 31. Re7 Bxb2 32. Rxb7 Be5+ 33. Kh3 Rf8 34. Be4 Rf4 35. Ra7 h5 36. Rxa6 Kg7 37. Ra8 Rf7 38. Kh4 Kh6 39. Rg8 Rf4+ 40. Kh3 Rf6 41. a4 d5 42. Bxd5 Rb6 43. Be4 h4 44. Kxh4 Bf6+ 45. Kg4 Bg7 46. Re8 Bf6 47. a5 Ra6 48. Rf8 Kg7 49. Rc8 Rxa5 50. Rc7+ Kf8 51. f4 Be7 52. Rb7 Ra1 53. Kf5 Rf1 54. Bd5 Bd6 55. Rf7+ Ke8 56. Ke6 Rxf4 57. Bc6+ Kd8 58. Rd7+ Kc8 59. Rxd6 Rh4 60. Kd5 Rh5+ 61. Kc4 Kc7 62. Rg6 Rh4+ 63. Kc5 Rh2 64. Bd5 Rc2+ 65. Bc4 Kc8 66. Rg7 Kd8 67. Kd6 Kc8 68. Bd5 Kb8 69. Rb7+ Kc8 70. Rb1 Kd8 71. Rf1 Re2 72. Ra1 1-0


[Site "https://www.chess.com"]

[Event "Titled Tuesday Blitz June 21 Early 2022"]
[White "Matinian, Nikita"]
[Black "Martin Carmona, Gaston Manuel"]
[WhiteFideId "24129100"]
[BlackFideId "22284567"]
[WhiteElo "2771"]
[BlackElo "2580"]
[Result "1-0"]
[Round "04"]
[TimeControl "180+1"]
[Date "2022.06.21"]
[WhiteClock "0:01:56"]
[BlackClock "0:00:24"]

1. e4 c5 2. Nf3 d6 3. d4 cxd4 4. Nxd4 Nf6 5. Nc3 g6 6. Be3 Bg7 7. f3 Nc6 8. Bc4 O-O 9. Qd2 Bd7 10. h4 Rc8 11. Bb3 h5 12. O-O-O Ne5 13. Kb1 Nc4 14. Bxc4 Rxc4 15. Nde2 b5 16. Bh6 Qa5 17. Nd5 Qxd2 18. Nxe7+ Kh7 19. Bxd2 Re8 20. b3 Rc5 21. Bf4 Rxe7 22. Bxd6 Rce5 23. Bxe5 Rxe5 24. Nf4 Bc6 25. Rd6 Bb7 26. Nh3 Bf8 27. Rxf6 Kg7 28. Rf4 Bd6 29. Rd1 Re6 30. Ng5 Bxf4 31. Nxe6+ fxe6 32. Rd7+ Kf6 33. Rxb7 1-0


[Site "https://www.chess.com"]

[Event "Titled Tuesday Blitz June 21 Early 2022"]
[White "Matyukov, Petr"]
[Black "Di Nicolantonio, Lucas"]
[WhiteFideId "4103688"]
[BlackFideId "680460"]
[WhiteElo "2278"]
[BlackElo "2381"]
[Result "1/2-1/2"]
[Round "04"]
[TimeControl "180+1"]
[Date "2022.06.21"]
[WhiteClock "0:00:19"]
[BlackClock "0:01:43"]

1. d4 Nf6 2. c4 e6 3. g3 c5 4. d5 exd5 5. cxd5 d6 6. Nc3 g6 7. Bg2 Bg7 8. Nf3 O-O 9. O-O Re8 10. Nd2 Na6 11. a3 Rb8 12. a4 Nb4 13. Nc4 b6 14. Bf4 Bf8 15. Nb5 Nfxd5 16. Bxd5 Nxd5 17. Qxd5 Be6 18. Qd3 d5 19. Bxb8 Qxb8 20. Ne3 a6 21. Nxd5 Bxd5 22. Qxd5 axb5 23. axb5 Rxe2 24. Ra8 Qc7 25. Qd8 Qxd8 26. Rxd8 Kg7 27. Rb8 c4 28. Rxb6 Rxb2 29. Rc6 Rxb5 30. Rxc4 Rb2 31. h4 h5 32. Kg2 Bb4 33. Rd1 Ba5 34. Rf4 f5 35. Rd7+ Kh6 36. Rd3 Bb6 37. Rdf3 Ra2 38. Rb4 Bc5 39. Rb8 Kg7 40. Rb7+ Kh6 41. Rc7 Bd4 42. Rc6 Kg7 43. Rc4 Rd2 44. Kf1 Bb6 45. Ke1 Rb2 46. Rc6 Ba5+ 47. Kf1 Bb6 48. Rf4 Rb1+ 49. Kg2 Rb2 50. Kf1 Rb1+ 51. Kg2 Rb2 52. Kf1 1/2-1/2


[Site "https://www.chess.com"]

[Event "Titled Tuesday Blitz June 21 Early 2022"]
[White "Mestnikov, Aisen"]
[Black "Zaksaite, Salomeja"]
[WhiteFideId "34130117"]
[BlackFideId "12801496"]
[WhiteElo "2027"]
[BlackElo "1953"]
[Result "1-0"]
[Round "04"]
[TimeControl "180+1"]
[Date "2022.06.21"]
[WhiteClock "0:00:02"]
[BlackClock "0:00:10"]

1. d4 Nf6 2. c4 g6 3. Nf3 Bg7 4. Nc3 d5 5. Bg5 Ne4 6. cxd5 Nxc3 7. bxc3 Qxd5 8. c4 Qa5+ 9. Bd2 Qa6 10. e4 Bg4 11. c5 Qe6 12. e5 Nc6 13. Be3 O-O-O 14. Qa4 Bxf3 15. gxf3 Nxd4 16. Bxd4 Rxd4 17. Qxd4 Bxe5 18. Bc4 Bxd4+ 19. Bxe6+ fxe6 20. Rd1 Bxc5 21. Ke2 e5 22. Rd5 Bd4 23. h4 c5 24. f4 exf4 25. h5 Rg8 26. hxg6 hxg6 27. Rh7 g5 28. Rxe7 g4 29. Rdd7 g3 30. Rc7+ Kd8 31. Rcd7+ Kc8 32. fxg3 fxg3 33. Rc7+ Kd8 34. Rxb7 g2 35. Red7+ Ke8 36. Re7+ Kd8 37. Red7+ Ke8 38. Rdc7 g1=Q 39. Rc8# 1-0


[Site "https://www.chess.com"]

[Event "Titled Tuesday Blitz June 21 Early 2022"]
[White "Mitrovic, Darko R"]
[Black "Nunez V, Gustavo Eduardo"]
[WhiteFideId "927023"]
[BlackFideId "4403690"]
[WhiteElo "2150"]
[BlackElo "2228"]
[Result "0-1"]
[Round "04"]
[TimeControl "180+1"]
[Date "2022.06.21"]
[WhiteClock "0:00:04"]
[BlackClock "0:00:53"]

1. d4 Nf6 2. c4 g6 3. Nc3 Bg7 4. e4 d6 5. f3 O-O 6. Be3 c5 7. Nge2 cxd4 8. Nxd4 Nc6 9. Qd2 Nd7 10. Be2 Nxd4 11. Bxd4 Bxd4 12. Qxd4 Qb6 13. Qxb6 Nxb6 14. Kd2 Be6 15. b3 a5 16. Nd5 Bxd5 17. cxd5 Rfc8 18. Rhc1 Nd7 19. Rxc8+ Rxc8 20. Rc1 Nc5 21. Bb5 Kg7 22. Rc3 e6 23. dxe6 fxe6 24. Ke3 e5 25. Rc1 Kf6 26. Rd1 Ke7 27. Bc4 a4 28. Bd5 b5 29. b4 Nd7 30. Kd2 Nb6 31. Rc1 Rxc1 32. Kxc1 Nxd5 33. exd5 Kf6 34. Kd2 Kf5 35. Ke3 h5 36. h4 g5 37. hxg5 Kxg5 38. g3 Kf5 39. a3 Kg5 40. Ke4 Kf6 41. f4 exf4 42. Kxf4 Kg6 43. Ke4 Kg5 44. Kf3 Kf5 45. Ke3 Ke5 46. Kf3 Kxd5 47. Kf4 Kc4 48. Kg5 d5 49. Kxh5 d4 50. g4 d3 51. g5 d2 52. g6 d1=Q+ 0-1


[Site "https://www.chess.com"]

[Event "Titled Tuesday Blitz June 21 Early 2022"]
[White "Molina, Roberto Junio Brito"]
[Black "Sadhwani, Raunak"]
[WhiteFideId "2109450"]
[BlackFideId "35093487"]
[WhiteElo "2432"]
[BlackElo "2616"]
[Result "0-1"]
[Round "04"]
[TimeControl "180+1"]
[Date "2022.06.21"]
[WhiteClock "0:00:27"]
[BlackClock "0:01:00"]

1. d4 f5 2. g3 Nf6 3. Bg2 g6 4. Nf3 Bg7 5. O-O O-O 6. c4 d6 7. Nc3 c6 8. d5 e5 9. dxe6 Bxe6 10. b3 Na6 11. Nd4 Bd7 12. Bb2 Nc5 13. e3 Qe7 14. Qc2 a5 15. Rad1 Rad8 16. Rfe1 Kh8 17. a3 Nce4 18. f3 Nxc3 19. Bxc3 d5 20. cxd5 Nxd5 21. Bxa5 Ra8 22. Bd2 Rxa3 23. Kh1 Nf6 24. Qc4 c5 25. Nb5 Be6 26. Nxa3 Bxc4 27. bxc4 Ra8 28. Nb5 h5 29. e4 fxe4 30. Bg5 Qe5 31. Bf4 Qb2 32. fxe4 Ng4 33. Rd2 Ra1 34. Rf1 Rxf1+ 35. Bxf1 Qb1 36. Kg1 Qxe4 37. h3 Ne5 38. Bxe5 Bxe5 39. Rd8+ Kh7 40. Rd7+ Kh6 41. Kf2 Qf5+ 0-1


[Site "https://www.chess.com"]

[Event "Titled Tuesday Blitz June 21 Early 2022"]
[White "Mortazavi, Ali"]
[Black "Hamidi, Amir Mohammad"]
[WhiteFideId "401323"]
[BlackFideId "12563285"]
[WhiteElo "2515"]
[BlackElo "2724"]
[Result "1/2-1/2"]
[Round "04"]
[TimeControl "180+1"]
[Date "2022.06.21"]
[WhiteClock "0:00:14"]
[BlackClock "0:00:19"]

1. Nf3 g5 2. Nxg5 e5 3. d4 h6 4. Ne4 d5 5. Ng3 e4 6. c4 c6 7. Nc3 Nf6 8. Bf4 Qb6 9. Qb3 Be6 10. c5 Qxb3 11. axb3 Na6 12. e3 Nb4 13. Kd2 Ng4 14. Nd1 Kd7 15. h3 Nf6 16. Ra4 a5 17. Be2 Be7 18. Nc3 h5 19. h4 Ng4 20. f3 exf3 21. gxf3 Nf6 22. Bg5 Ng8 23. Bxe7 Nxe7 24. f4 Rag8 25. Nxh5 Rg2 26. Nf6+ Kc7 27. h5 Nf5 28. Raa1 Rh6 29. Ng4 Rh8 30. h6 Ng3 31. Rhg1 Rxg1 32. Rxg1 Nxe2 33. Nxe2 Bxg4 34. Rxg4 Rxh6 35. Rg7 Rf6 36. Ng3 Kd7 37. Rg8 Rg6 38. Rxg6 fxg6 39. f5 gxf5 40. Nxf5 Ke6 41. Nd6 b5 42. Nb7 Kd7 43. Nxa5 Kc7 44. Kc3 Na2+ 45. Kd3 Nb4+ 46. Kc3 Na2+ 47. Kd2 Nb4 48. Ke2 Kb8 49. e4 dxe4 50. Ke3 Ka7 51. Kxe4 Ka6 52. Nxc6 Nxc6 53. d5 Na5 54. b4 Nc4 55. d6 Kb7 56. Kd5 Ne3+ 57. Ke6 Kc8 58. c6 Kd8 59. b3 Ng4 60. c7+ Kc8 61. Ke7 Ne5 62. Ke6 Nd3 63. Ke7 Ne5 64. Ke8 Nd7 65. Ke7 Nb6 66. Ke6 Nd7 67. Kd5 Kb7 68. Kd4 Nb6 69. Kc5 Nd7+ 70. Kxb5 Ne5 71. Kc5 Nd7+ 72. Kd5 Nb6+ 73. Ke6 Kc8 74. b5 Nd7 75. b4 Nb6 76. Ke5 Kd7 77. c8=Q+ Nxc8 78. Kd5 Nxd6 79. Kc5 Kc7 80. b6+ Kb7 81. b5 Nxb5 82. Kxb5 Kb8 83. Kb4 Kb7 84. Kc5 Kb8 85. Kb5 Kb7 86. Ka5 Kb8 87. Ka6 Ka8 88. Kb5 Kb7 89. Kc5 Kb8 90. Kd6 Kb7 91. Kc5 1/2-1/2


[Site "https://www.chess.com"]

[Event "Titled Tuesday Blitz June 21 Early 2022"]
[White "Mrudul Dehankar"]
[Black "Ladan, Nicholas"]
[WhiteFideId "25096990"]
[BlackFideId "30918855"]
[WhiteElo "1766"]
[BlackElo "2167"]
[Result "0-1"]
[Round "04"]
[TimeControl "180+1"]
[Date "2022.06.21"]
[WhiteClock "0:00:04"]
[BlackClock "0:00:19"]

1. e4 e5 2. Nf3 Nc6 3. Bb5 a6 4. Ba4 g6 5. c3 Bg7 6. d4 b5 7. Bb3 exd4 8. cxd4 Na5 9. Bc2 Ne7 10. O-O O-O 11. d5 d6 12. Nc3 Bg4 13. h3 Bxf3 14. Qxf3 c5 15. Qe2 Nc4 16. Rb1 f5 17. a4 f4 18. axb5 axb5 19. Nxb5 Ne5 20. f3 g5 21. b4 c4 22. Qf2 N7g6 23. Nd4 Rf7 24. Ne6 Qc8 25. Bb2 Bf6 26. Bd4 Nh4 27. Ra1 Rxa1 28. Rxa1 Re7 29. Qe1 Nexf3+ 30. gxf3 Nxf3+ 31. Kf2 Nxe1 32. Rxe1 Rxe6 33. dxe6 Bxd4+ 34. Kf3 Qxe6 0-1


[Site "https://www.chess.com"]

[Event "Titled Tuesday Blitz June 21 Early 2022"]
[White "Nasir, Zehn"]
[Black "Curtis, John"]
[WhiteFideId "2613239"]
[BlackFideId "3200256"]
[WhiteElo "1993"]
[BlackElo "2203"]
[Result "1-0"]
[Round "04"]
[TimeControl "180+1"]
[Date "2022.06.21"]
[WhiteClock "0:00:29"]
[BlackClock "0:00:23"]

1. e4 e5 2. Nf3 Nc6 3. Nc3 Nf6 4. d4 exd4 5. Nxd4 Bb4 6. Nxc6 bxc6 7. Bd3 d5 8. exd5 cxd5 9. O-O O-O 10. h3 h6 11. Qf3 c6 12. Bf4 a5 13. Ne2 Bd6 14. c4 Ba6 15. Rad1 Bxf4 16. Nxf4 Qb8 17. cxd5 cxd5 18. b3 a4 19. Bxa6 Rxa6 20. Nxd5 axb3 21. axb3 Nxd5 22. Qxd5 Rb6 23. Rd3 Rb5 24. Qc4 Rc8 25. Qg4 Rg5 26. Qe4 Rb5 27. Qf3 Qc7 28. Rfd1 Qb7 29. Rd8+ Rxd8 30. Rxd8+ Kh7 31. Qd3+ f5 32. Rd7 Qc6 33. Qd4 Qg6 34. b4 f4 35. Qxf4 Qb1+ 36. Kh2 Qxb4 37. Qe3 Rg5 38. g3 Qf8 39. h4 Rf5 40. Qd3 h5 41. Rd5 Kg6 42. Rxf5 Qxf5 43. Qxf5+ Kxf5 44. Kg2 Ke4 45. Kg1 Kf3 46. Kf1 g6 47. Ke1 Kg4 48. Ke2 g5 49. hxg5 Kxg5 50. Kf3 Kf5 51. Ke3 Ke5 52. f3 Kf5 53. Kf2 Ke6 54. Kg2 Kf5 55. Kh3 Kg5 56. f4+ Kg6 57. Kh4 Kh6 58. f5 Kg7 59. Kxh5 Kf6 60. g4 Kg7 61. Kg5 Kh7 62. Kf6 Kg8 63. g5 Kf8 64. g6 Kg8 65. g7 Kh7 66. Kf7 Kh6 67. g8=Q Kh5 68. f6 Kh4 69. Ke6 Kh3 70. f7 Kh2 71. f8=Q Kh1 72. Qfg7 Kh2 73. Kd7 Kh3 74. Kc7 Kh4 75. Kb7 Kh5 76. Ka8 Kh4 77. Ka7 Kh3 78. Kb8 Kh2 79. Kb7 Kh1 80. Kc7 Kh2 81. Kb6 Kh1 82. Ka5 Kh2 83. Ka4 Kh1 84. Kb4 Kh2 85. Kb3 Kh1 86. Ka3 Kh2 87. Ka2 Kh1 88. Kb2 Kh2 89. Kb1 Kh1 90. Ka1 Kh2 91. Q7h8# 1-0


[Site "https://www.chess.com"]